Map: Dusk Towers

Players

BUSDRIVER - Winner!

  • Race: Protoss Protoss
  • League: Diamond

Carter

  • Race: Zerg Zerg
  • League: Diamond

VOD

Have the link to the VOD?

Description

Nydus intro from zerg vs Skytoss

Time

  • Played on: April 1, 2016, 4:44 p.m.
  • Length: 13:05
Show
View Real Time Build Order
Export as new Build Order

BUSDRIVER Protoss - Winner!

Build Orders: 1 Gate Expand, Oracle Opening 

Get SALT Encoding   

  12  0:01  Probe (Chrono Boost)  
  13  0:11  Probe (Chrono Boost)  
  14  0:22  Probe (Chrono Boost)  
  14  0:25  Pylon  
  15  0:43  Probe (Chrono Boost)  
  15  0:45  Gateway  
  16  0:53  Assimilator, Probe (Chrono Boost)  
  17  0:59  Assimilator  
  18  1:04  Probe (Chrono Boost)  
  18  1:14  Probe (Chrono Boost)  
  19  1:25  Probe (Chrono Boost)  
  20  1:32  Nexus  
  20  1:36  Probe (Chrono Boost)  
  22  1:47  Probe (Chrono Boost)  
  22  1:53  Cybernetics Core  
  22  1:57  Probe (Chrono Boost)  
  23  2:15  Pylon  
  23  2:20  Forge  
  23  2:33  Probe (Chrono Boost)  
  24  2:39  Pylon  
  24  2:44  Probe x2 (Chrono Boost)  
  25  2:47  Stalker  
  28  2:55  Mothership Core (Chrono Boost), Assimilator, Probe (Chrono Boost)  
  32  3:05  Probe (Chrono Boost)  
  32  3:12  Stargate  
  32  3:13  Probe (Chrono Boost)  
  32  3:17  Stargate  
  33  3:26  Stargate  
  33  3:27  Probe (Chrono Boost)  
  34  3:32  Probe (Chrono Boost)  
  34  3:33  Assimilator  
  35  3:37  Probe (Chrono Boost)  
  37  3:48  Probe (Chrono Boost)  
  37  3:50  Pylon  
  37  3:53  Probe (Chrono Boost)  
  38  3:57  Oracle  
  38  4:01  Oracle  
  44  4:16  Oracle  
  47  4:33  Probe (Chrono Boost)  
  47  4:34  Photon Cannon, Probe (Chrono Boost)  
  47  4:37  Oracle (Chrono Boost)  
  52  4:43  Probe (Chrono Boost)  
  56  4:46  Probe (Chrono Boost)  
  56  4:47  Oracle (Chrono Boost)  
  57  4:54  Pylon, Probe (Chrono Boost)  
  57  4:56  Probe (Chrono Boost)  
  57  4:58  Oracle (Chrono Boost)  
  62  5:10  Probe  
  62  5:12  Probe  
  64  5:14  Pylon  
  64  5:21  Probe  
  64  5:24  Probe  
  66  5:29  Photon Cannon  
  66  5:30  Void Ray (Chrono Boost)  
  70  5:40  Protoss Air Weapons Level 1  
  70  5:42  Void Ray (Chrono Boost)  
  74  6:11  Void Ray (Chrono Boost)  
  78  6:20  Pylon  
  78  6:21  Pylon  
  78  6:26  Probe  
  78  6:37  Probe  
  84  6:44  Void Ray x2 (Chrono Boost)  
  84  6:45  Probe  
  82  6:50  Void Ray (Chrono Boost)  
  86  6:58  Probe  
  87  7:10  Probe  
  87  7:12  Nexus  
  88  7:17  Photon Cannon  
  88  7:22  Probe  
  89  7:30  Photon Cannon  
  89  7:34  Protoss Air Armor Level 1  
  89  7:38  Fleet Beacon, Probe  
  89  7:39  Probe  
  91  7:49  Probe  
  91  7:50  Probe  
  83  8:38  Tempest (Chrono Boost)  
  95  8:41  Pylon  
  95  8:43  Pylon  
  95  8:44  Tempest x2 (Chrono Boost)  
  95  8:47  Photon Cannon  
  94  9:18  Tempest (Chrono Boost)  
  94  9:20  Assimilator  
  102  9:25  Assimilator  
  102  9:27  Tempest (Chrono Boost)  
  102  9:30  Nexus  
  102  9:32  Pylon  
  102  9:46  Photon Cannon  
  102  9:49  Photon Cannon  
  102  9:51  Photon Cannon  
  102  9:59  Tempest (Chrono Boost)  
  106  10:11  Tempest (Chrono Boost)  
  110  10:19  Probe  
  114  10:22  Probe  
  114  10:26  Oracle (Chrono Boost)  
  115  10:30  Probe  
  115  10:34  Probe  
  117  10:40  Probe  
  117  10:41  Photon Cannon, Probe  
  117  10:42  Photon Cannon, Tempest (Chrono Boost)  
  122  10:44  Photon Cannon  
  122  10:45  Pylon  
  122  10:47  Probe  
  124  10:52  Probe  
  125  11:03  Probe  
  125  11:09  Phoenix (Chrono Boost)  
  130  11:13  Phoenix (Chrono Boost)  
  134  11:38  Void Ray (Chrono Boost)  
  140  11:44  Void Ray x2 (Chrono Boost)  
  127  12:15  Tempest (Chrono Boost)  
  131  12:16  Probe  
  136  12:23  Pylon  
  136  12:26  Tempest (Chrono Boost)  
  136  12:27  Pylon, Probe  
  137  12:31  Pylon  
  137  12:32  Gateway  
  137  12:33  Pylon  
  137  12:34  Gateway  
  137  12:36  Gateway  
  137  12:37  Gateway, Probe  
  138  12:48  Probe  
Show
View Real Time Build Order
Export as new Build Order

Carter Zerg 

Build Orders: Pool First 

Get SALT Encoding   

  12  0:00  Drone  
  13  0:12  Overlord  
  13  0:17  Drone  
  14  0:22  Extractor  
  14  0:23  Drone  
  15  0:30  Drone  
  15  0:34  Drone  
  17  0:45  Spawning Pool  
  17  0:48  Drone  
  17  1:11  Hatchery  
  16  1:13  Drone  
  16  1:15  Drone  
  18  1:24  Drone  
  19  1:28  Extractor  
  19  1:32  Queen  
  20  1:35  Overlord  
  20  1:41  Drone  
  21  1:57  Zergling x2  
  22  2:04  Drone  
  22  2:08  Hatchery  
  22  2:15  Queen  
  22  2:18  Zergling x2  
  25  2:26  Queen  
  27  2:33  Drone  
  27  2:36  Metabolic Boost  
  28  2:44  Drone x2  
  30  3:07  Queen x2  
  30  3:10  Spore Crawler  
  30  3:12  Drone  
  34  3:13  Drone  
  34  3:18  Extractor  
  34  3:27  Roach Warren  
  34  3:33  Drone x3  
  36  3:49  Lair  
  36  3:54  Queen  
  38  3:56  Drone x2  
  40  4:08  Drone x2  
  42  4:10  Overlord  
  42  4:28  Queen  
  42  4:29  Overlord  
  42  4:30  Drone x2  
  47  4:31  Drone  
  47  4:39  Queen  
  49  4:47  Drone  
  49  4:48  Drone x3  
  49  4:49  Drone  
  54  4:56  Overlord  
  54  5:06  Queen  
  56  5:07  Nydus Network  
  56  5:09  Extractor, Drone  
  56  5:11  Drone  
  56  5:21  Drone x5  
  60  5:22  Drone  
  60  5:27  Queen  
  64  5:39  Zergling x4  
  56  6:09  Nydus Canal  
  56  6:17  Zergling x8  
  56  6:18  Zergling x12  
  65  6:23  Overlord x4  
  54  6:48  Drone x6  
  54  6:49  Drone x3  
  54  6:51  Spire  
  62  6:57  Queen x3  
  68  7:09  Extractor  
  68  7:12  Drone x6  
  73  7:15  Hydralisk Den  
  73  7:20  Extractor  
  73  7:22  Spore Crawler  
  70  7:24  Spore Crawler  
  70  7:25  Spore Crawler  
  70  7:26  Spore Crawler  
  70  7:29  Spore Crawler  
  66  7:30  Spore Crawler x2  
  66  7:31  Drone x3  
  66  7:32  Spore Crawler, Queen  
  66  7:35  Queen  
  70  7:44  Hydralisk  
  70  7:45  Hydralisk x3  
  78  7:51  Drone x2  
  78  7:53  Evolution Chamber, Drone  
  78  7:54  Drone  
  78  7:56  Drone  
  82  8:00  Drone x2  
  84  8:07  Drone x3  
  79  8:35  Hydralisk x5  
  79  8:38  Overlord x3  
  89  8:49  Nydus Canal  
  89  8:54  Overlord x3  
  89  8:58  Spore Crawler x2, Hydralisk x3  
  89  8:59  Spore Crawler  
  80  9:30  Nydus Canal  
  80  9:32  Hydralisk x2  
  80  9:33  Hydralisk x8  
  100  9:39  Zergling x2  
  101  9:56  Overseer  
  101  9:57  Drone  
  101  9:58  Drone x5  
  107  10:05  Hydralisk  
  109  10:12  Hatchery  
  108  10:15  Queen  
  108  10:17  Queen  
  112  10:29  Mutalisk x4  
  112  10:30  Mutalisk x2  
  124  10:36  Drone x2  
  126  10:51  Queen  
  126  10:52  Extractor, Nydus Canal  
  126  10:56  Extractor  
  126  10:58  Mutalisk  
  126  11:10  Mutalisk x2  
  128  11:15  Overlord x3  
  118  11:34  Mutalisk x3  
  118  11:35  Mutalisk x2  
  120  11:46  Hatchery  
  101  11:56  Mutalisk x2  
  87  12:08  Hydralisk x2  
  87  12:12  Zergling x2  
  87  12:13  Zergling x4  
  94  12:20  Drone x2  
  96  12:26  Extractor, Drone  
  96  12:32  Hatchery  
  96  12:33  Drone  
  96  12:38  Mutalisk x2  
  96  12:41  Drone  
  96  12:42  Drone  
Tags
 
Add a new tag
Caveats
  • Supply blocks, unpowered buildings, or Contaminate may cause inaccurate times.
  • Supply counts are checked every 10 seconds.